 Dungeon Crawl Stone Soup version 0.27-a0-448-gace5c5693b (webtiles) character file.

Game seed: 11617869547908892301

72 HoaS the Insei (level 3, -3/30 HPs)
             Began as a Demigod Gladiator on Feb 27, 2021.
             Slain by Jessica
             ... wielding a +0 club
              (4 damage)
             ... on level 2 of the Dungeon.
             The game lasted 00:04:35 (2005 turns).

HoaS the Insei (Demigod Gladiator)                  Turns: 2005, Time: 00:04:35

Health: -3/30      AC:  4    Str: 15    XL:     3   Next: 82%
Magic:  5/5        EV: 13    Int: 10    God:
Gold:   99         SH:  0    Dex: 19    Spells: 2/2 levels left

rFire    . . .     SeeInvis .     - Unarmed
rCold    . . .     Faith    .   (no shield)
rNeg     . . .     Spirit   .   a - +0 leather armour
rPois    .         Reflect  .   b - +0 helmet
rElec    .         Harm     .   (no cloak)
rCorr    .         Rampage  .   (no gloves)
Will     .....                  (no boots)
Stlth    +.........             (no amulet)
HPRegen  0.10/turn              (no ring)
MPRegen  0.09/turn              (no ring)

@: slowed, very slow
A: high mp 1
a: no special abilities


You were on level 2 of the Dungeon.
You visited 1 branch of the dungeon, and saw 2 of its levels.

You collected 99 gold pieces.

Inventory:

Missiles
 c - 3 throwing nets (quivered)
 d - 4 curare-tipped darts
Armour
 a - a +0 leather armour (worn)
 b - a +0 helmet (worn)
 i - a +0 chain mail
Potions
 f - a potion of haste {unknown}
 k - a potion of resistance
 l - a potion of curing {unknown}


   Skills:
 + Level 2.4 Fighting
 - Level 1.7 Throwing
 + Level 1.2 Armour
 + Level 3.1 Dodging
 * Level 3.5 Unarmed Combat


You had 2 spell levels left.
You didn't know any spells.
Your spell library was empty.

Dungeon Overview and Level Annotations

Branches:
Dungeon (2/15)

Annotations:
D:2 Jessica


Innate Abilities, Weirdness & Mutations

You have an increased reservoir of magic. (+10% MP)


Message History

Jessica gestures wildly.
The hobgoblin hits you.
You barely miss the hobgoblin. The hobgoblin misses you.
You hit the hobgoblin.
The hobgoblin is moderately wounded.
The hobgoblin hits you but does no damage.
You hit the hobgoblin.
The hobgoblin is heavily wounded.
Jessica casts a spell.
Jessica blinks!
The hobgoblin closely misses you. The hobgoblin barely misses you.
You barely miss the hobgoblin.
The hobgoblin is heavily wounded.
You barely miss the goblin. The hobgoblin hits you.
The goblin unwields a +0 hunting sling.
The goblin wields a +0 whip.
The goblin misses you.
Jessica gestures wildly while chanting.
Jessica blinks!
The hobgoblin closely misses you.
You closely miss the goblin. The goblin hits you with a +0 whip.
* * * LOW HITPOINT WARNING * * *
The hobgoblin hits you.
* * * LOW HITPOINT WARNING * * *
You closely miss the goblin. The goblin barely misses you.
The hobgoblin hits you but does no damage.
The goblin hits you but does no damage.
Jessica grins evilly.
You hit the goblin but do no damage. The hobgoblin hits you.
* * * LOW HITPOINT WARNING * * *
The goblin barely misses you. The hobgoblin misses you.
You hit the goblin.
The goblin is severely wounded.
Jessica casts a spell.
Jessica blinks!
The goblin closely misses you. The hobgoblin hits you.
* * * LOW HITPOINT WARNING * * *
You hit the hobgoblin but do no damage.
The hobgoblin is heavily wounded.
Jessica completely misses you. The goblin hits you but does no damage.
The hobgoblin misses you. The goblin misses you.
Jessica hits you with a +0 club.
You die...

#..#..##.##.##.#..# ***,*
##....#.####.#.#..# #.#
#.#.w..r.........### #.#
#.#.####...........# #.#
#...#
#.###.#...#.######.#
#.#.# #.# #.#.††.....##.#
#.#.# #.# #.§##.######.#
#.#.# #.# ##g##..# #.#
#.#.####.#####g@.#.#.#
#.#
#..........)...@...##.#
#.# ###.####.#####...#.#
#.##.###### #.# #.#
#.###.###.......... #.#
#.# #.................#
#.#
#.#########.###.#######..
#.# #...........###.# ###
#.# #...............# #.#
####.############


You could see Jessica (fast), a hobgoblin and a goblin.

Vanquished Creatures
  An adder (D:2)
  2 oozes (D:1)
  3 dart slugs
  5 leopard geckos
  2 ball pythons (D:1)
  A bat (D:1)
  3 giant cockroaches (D:1)
  7 goblins
  4 hobgoblins
  A kobold (D:2)
  A quokka (D:2)
  3 frilled lizards (D:1)
  A quokka skeleton (D:2)
  7 rats
41 creatures vanquished.

Vanquished Creatures (others)
  A ball python (D:2)
1 creature vanquished.

Grand Total: 42 creatures vanquished

Notes
Turn   | Place    | Note
-------+----------+-------------------------------------------
     0 | D:1      | HoaS the Demigod Gladiator began the quest for the Orb.
     0 | D:1      | Reached XP level 1. HP: 17/17 MP: 3/3
     3 | D:1      | Noticed an anaconda
    18 | D:1      | Noticed a four-headed hydra
   365 | D:1      | Reached XP level 2. HP: 12/24 MP: 4/4
   893 | D:1      | Reached XP level 3. HP: 22/29 MP: 5/5
   957 | D:1      | Reached skill level 1 in Armour
  1954 | D:2      | Noticed Jessica
  1973 | D:2      | HP: 1/30 [Jessica/nerve-wracking pain (3)]
  2004 | D:2      | HP: 1/30 [hobgoblin (3)]
  2005 | D:2      | Slain by Jessica

Illustrated notes

Levels and vault maps discovered:
D:1:      sevenhm_arrival_forest_fort_small_2, layout_basic, minivault_11
D:2:      layout_loops_ring, nicolae_ru_path_of_blood, uniq_jessica

Skill      XL: |  1  2  3 |
---------------+----------+-----
Unarmed Combat | 3 |  3.5
Fighting       | 2 |  2.4
Dodging        | 3 |  3.1
Armour         | 1 |  1.2
Throwing       | |  1.7

Action                   || total
-------------------------++-------
Melee: Unarmed           ||   204
       Punch             ||     4
  Use: Scroll            ||     8
       Potion            ||     2
 Stab: Sleeping          ||     2
Armor: Leather armour    ||    44
Dodge: Dodged            ||   134

Table legend: (Time is in decaauts)
 A = Elapsed time spent in this place.
 B = Non-inter-level travel time spent in this place.
 C = Inter-level travel time spent in this place.
 D = Time resting spent in this place.
 E = Time spent auto-exploring this place.
 F = Levels seen in this place.
 G = Mean time per level.
                   A        B        C        D        E       F      G
               +--------+--------+--------+--------+--------+-----+--------+
         Total |   2008 |   1990 |     18 |    873 |    686 |   2 | 1004.0 |
       Dungeon |   2008 |   1990 |     18 |    873 |    686 |   2 | 1004.0 |
               +--------+--------+--------+--------+--------+-----+--------+

Top non-repeatable levels by time:
     D:1: 1356 daAuts
     D:2: 651 daAuts
